AoeStats
← 文風

African Clearing

506737213Analyzed
4v4 RM · 17d ago on Sep 14, 2026· 34m 54s· 8 players
Game mode
Random Map
Map size
Large (8 player)
Population
200
Speed
Normal
Resources
Standard
Victory
Conquest
Starting age
Dark Age
Ending age
Imperial Age
RankedLock teamsTeams togetherTeam positionsShared explorationLock speedFull tech treeHidden civsTurbo modeCheats
Victory
Defeat
🇺🇸 Hindustanis · United States
1661
+7
🇧🇷 Spanish · Brazil
1544
+11
🇺🇸 Mongols · United States
1529
+12
🇩🇪 Armenians · Germany
1339
+19
🇧🇷 Teutons · Brazil
1518
-16
🇮🇳 Khmer · India
1458
-13
🇭🇰 Cumans · Hong Kong SAR China
1402
-11
🇨🇳 Magyars · China
1342
-9
adi.rathore
11:44 Loom
14:24 Feudal Age
17:42 Castle Age
16:05 Double-Bit Axe
16:47 Horse Collar
17:58 Scale Barding Armor
24:42 Bloodlines
25:10 Husbandry
28:10 Wheelbarrow
28:41 Chain Barding Armor
29:42 Gold Mining
32:08 Bow Saw
32:24 Hand Cart
文風
10:42 Loom
12:42 Feudal Age
帝国时代2--叶枫
13:58 Feudal Age
12:42 Loom
14:54 Horse Collar
19:05 Castle Age
17:47 Gold Mining
17:52 Double-Bit Axe
21:03 Fletching
25:48 Bodkin Arrow
29:41 Wheelbarrow
31:14 Ballistics
31:25 Heavy Plow
32:05 Bow Saw
34:28 Masonry
GAX | Gabasco
12:47 Feudal Age
11:03 Loom
13:16 Double-Bit Axe
23:55 Castle Age
23:51 Fletching
27:31 Bow Saw
27:56 Elite Skirmisher
29:32 Wheelbarrow
33:14 Bodkin Arrow
Creed
14:43 Feudal Age
14:47 Man-at-Arms
23:57 Castle Age
24:06 Horse Collar
24:12 Double-Bit Axe
26:16 Heavy Plow
27:02 Bow Saw
30:18 Wheelbarrow
31:59 Long Swordsman
32:25 Gambesons
32:40 Squires
33:37 Hand Cart
33:06 Two-Handed Swordsman
33:32 Arson
34:58 Forging
34:53 Champion
KaLong
2:57 Loom
13:44 Feudal Age
18:12 Castle Age
16:21 Double-Bit Axe
16:43 Horse Collar
17:55 Forging
19:13 Bow Saw
19:05 Heavy Plow
23:11 Forging
23:06 Scale Barding Armor
23:54 Wheelbarrow
24:22 Scale Barding Armor
24:52 Iron Casting
24:28 Gold Mining
25:24 Bloodlines
25:15 Husbandry
26:21 Chain Barding Armor
26:36 Iron Casting
27:48 Iron Casting
27:31 Husbandry
HUGO
3:37 Loom
13:14 Feudal Age
18:42 Castle Age
25:17 Padded Archer Armor
27:27 Leather Archer Armor
33:49 Wheelbarrow
33:00 Town Watch
倉木華
3:43 Loom
12:29 Feudal Age
20:56 Horse Collar
23:45 Double-Bit Axe
26:38 Wheelbarrow
29:20 Castle Age
28:46 Scale Barding Armor
30:26 Chain Barding Armor
30:22 Forging
30:12 Gold Mining
30:40 Husbandry
30:53 Bloodlines
35:32 Wheelbarrow
34:43 Town Watch
35:09 Bow Saw
34:59 Heavy Plow
35:35 Gold Shaft Mining
Connection lost

Rejoining the realm…

Still unreachable

The connection could not be restored.

Session expired

The server has moved on; the page needs a fresh start.